 Dungeon Crawl Stone Soup version 0.25-a0-890-g62861fb (webtiles) character file.

Game seed: 13927328961370221555, levelgen mode: deterministic

417 BlueFish the Insei (level 6, -2/39 HPs)
             Began as an Octopode Transmuter on May 6, 2020.
             Was an Initiate of Cheibriados.
             Slain by an orc warrior
             ... wielding a +0 long sword
              (7 damage)
             ... on level 5 of the Dungeon.
             The game lasted 00:21:19 (4935 turns).

BlueFish the Insei (Octopode Transmuter)            Turns: 4935, Time: 00:21:19

Health: -2/39      AC:  1    Str: 12    XL:     6   Next: 93%
Magic:  1/10       EV: 14    Int: 17    God:    Cheibriados [......]
Gold:   233        SH:  0    Dex: 13    Spells: 4/10 levels left

rFire    . . .     SeeInvis .     - Unarmed
rCold    . . .     Gourm    .   (no shield)
rNeg     . . .     Faith    .   (helmet restricted)
rPois    .         Spirit   .   (no amulet)
rElec    .         Reflect  .   o - ring of teleportation (curse)
rCorr    .         Harm     .   (no ring)
MR       .....     Rnd*Tele +   (no ring)
Stlth    +++.......             (no ring)
HPRegen  0.13/turn              (no ring)
MPRegen  0.12/turn              (no ring)
                                (no ring)
                                (no ring)

@: appendage, very slow
A: almost no armour, stealthy swim, amphibious, 8 rings, constrict 8, tentacle
spike 3, camouflage 1, gelatinous body 1
a: End Transformation, Bend Time, Renounce Religion


You were on level 5 of the Dungeon.
You worshipped Cheibriados.
Cheibriados was noncommittal.
You were not hungry.
One of your tentacles had a temporary spike.
You visited 2 branches of the dungeon, and saw 6 of its levels.

You collected 233 gold pieces.

Inventory:

Missiles
 a - 49 arrows
Jewellery
 o - a cursed ring of teleportation (left tentacle)
Scrolls
 b - a scroll of immolation
 d - a scroll of amnesia
 g - 3 scrolls of blinking
 j - a scroll of remove curse
 l - a scroll of fear
 m - a scroll of enchant armour
 n - a scroll of teleportation
 p - a scroll of fog {unknown}
Potions
 e - 2 potions of curing
 f - a potion of heal wounds {unknown}
 h - 2 potions of berserk rage
 i - a potion of mutation {unknown}
 k - 2 potions of stabbing {unknown}
Comestibles
 c - 8 rations
 q - 5 chunks of flesh


   Skills:
 * Level 2.3 Fighting
 * Level 3.0 Dodging
 * Level 3.0 Stealth
 * Level 4.6 Unarmed Combat
 + Level 2.7 Spellcasting
 * Level 3.5 Transmutations
 * Level 1.5 Poison Magic
 * Level 1.0 Invocations


You had 4 spell levels left.
You knew the following spells:

 Your Spells              Type           Power        Failure   Level  Hunger
a - Beastly Appendage     Tmut           ##....       4%          1    #......
b - Sticks to Snakes      Tmut           ##......     6%          2    ##.....
c - Spider Form           Tmut/Pois      ##........   19%         3    ###....

Your spell library contained the following spells:

 Spells                   Type           Power        Failure   Level  Hunger
 Ice Form                 Ice/Tmut       #.......     65%         4    #####..
 Blade Hands              Tmut           ##........   75%         5    ######.


Dungeon Overview and Level Annotations

Branches:
Dungeon (5/15)             Temple (1/1) D:4

Altars:
Cheibriados
Gozag
Hepliaklqana
Okawaru
Qazlal
Uskayaw
Wu Jian
Xom
The Shining One

Shops:
D:4 *


Innate Abilities, Weirdness & Mutations

You cannot wear most types of armour.
You are very stealthy in the water. (Stealth+)
You are amphibious.
You can wear up to eight rings at the same time.
You can use your tentacles to constrict eight enemies at once.
Your skin changes colour to match your surroundings (Stealth+).
Your rubbery body absorbs attacks. (AC +1, EV +1)
One of your tentacles bears a large vicious spike.


Message History

You tentacle-slap the adder. Your grab misses the adder. You squeeze the adder.
The adder is almost dead.
The adder misses you. Something hits you.
* * * LOW HITPOINT WARNING * * *
The orc hits you with a +0 club.
* * * LOW HITPOINT WARNING * * *
Okay, then.
Okay, then.
The flow of time bends around you.
Cheibriados rebukes the orc warrior.
The orc warrior seems to slow down.
Cheibriados rebukes something.
Cheibriados rebukes the adder.
The adder seems to slow down.
Cheibriados rebukes the orc.
The orc seems to slow down.
You feel slightly more hungry. The adder barely misses you.
The orc wizard points at you and mumbles some strange words.
The magic dart hits something!
The orc warrior hits you with a +0 long sword!
You die...

.......>..#
#.........#
#.........#
..........#
#........$#
#........$#
#......o..#
.......)@.#
......oSo.#
###########


You could see an orc warrior, an orc wizard, an adder and an orc.

Vanquished Creatures
  A phantom (D:4)
  A scorpion (D:4)
  A bullfrog zombie (D:5)
  An orc wizard (D:5)
  A worker ant (D:4)
  8 adders
  A shadow imp (D:2)
  3 oozes (D:1)
  An adder skeleton (D:3)
  5 worms
  A dart slug (D:2)
  2 leopard geckos (D:2)
  2 orcs (D:4)
  8 bats
  2 giant cockroaches
  5 goblins
  8 hobgoblins
  12 jackals
  13 kobolds
  2 quokkas
  A ball python skeleton (D:4)
  2 frilled lizards (D:2)
  10 rats
  A bush (D:3)
92 creatures vanquished.

Vanquished Creatures (others)
  A worm (D:2)
1 creature vanquished.

Grand Total: 93 creatures vanquished

Notes
Turn   | Place    | Note
-------+----------+-------------------------------------------
     0 | D:1      | BlueFish the Octopode Transmuter began the quest for the
                  | Orb.
     0 | D:1      | Reached XP level 1. HP: 13/13 MP: 3/3
   160 | D:1      | Reached XP level 2. HP: 18/18 MP: 3/5
   167 | D:1      | Learned a level 2 spell: Sticks to Snakes
   575 | D:1      | Reached XP level 3. HP: 23/23 MP: 4/6
   881 | D:1      | Reached skill level 1 in Stealth
  1298 | D:2      | Found a stormy altar of Qazlal.
  1464 | D:2      | Reached XP level 4. HP: 17/28 MP: 5/7
  2357 | D:2      | Reached skill level 4 in Unarmed Combat
  2607 | D:3      | Learned a level 3 spell: Spider Form
  2618 | D:3      | Reached XP level 5. HP: 19/34 MP: 6/8
  2721 | D:3      | Found an ornate altar of the Wu Jian Council.
  2796 | D:3      | Found a shimmering altar of Xom.
  2800 | D:3      | Found an iron altar of Okawaru.
  3643 | D:4      | Noticed a phantom
  3714 | D:4      | Reached skill level 1 in Poison Magic
  3714 | D:4      | Reached XP level 6. HP: 29/39 MP: 7/9
  3895 | D:4      | Found Exeusam's Assorted Antiques.
  3976 | D:4      | Found a staircase to the Ecumenical Temple.
  3985 | Temple   | Entered the Ecumenical Temple
  3988 | Temple   | Became a worshipper of Cheibriados the Contemplative
  4106 | D:4      | Killed a phantom
  4571 | D:5      | Entered Level 5 of the Dungeon
  4674 | D:5      | Found an opulent altar of Gozag.
  4846 | D:5      | Found a hide-covered altar of Uskayaw.
  4894 | D:5      | Found a glowing golden altar of the Shining One.
  4919 | D:5      | Noticed an orc warrior
  4927 | D:5      | Reached skill level 1 in Invocations
  4935 | D:5      | Slain by an orc warrior

Levels and vault maps discovered:
D:1:      tarquinn_simple_flora_water_f, layout_loops_corners, minmay_tall_x
D:2:      layout_loops_ring, nicolae_qazlal_general_emergency
D:3:      layout_basic, grunt_temple_overflow_open, old_standard_altar,
          minmay_hedge_maze, lemuel_flame_loot_1
D:4:      layout_cave_pods, temple_pool_b, serial_shops, shop, first_ration,
          hangedman_decor_riveting
D:5:      layout_rooms, lemuel_round_altar, nicolae_gozag_seed_capital,
          nicolae_tso_carved_into_rock
Temple:   nicolae_temple_hex_pool

Skill      XL: |  1  2  3  4  5  6 |
---------------+-------------------+-----
Stealth        | 1 2 3 |  3.0
Unarmed Combat | 4 |  4.6
Transmutations | 3 |  3.5
Fighting       | 2 |  2.3
Poison Magic   | 1 |  1.5
Dodging        | 3 |  3.0
Invocations    | 1 |  1.0
Spellcasting   | |  2.7

Action                   |  1- 3 |  4- 6 || total
-------------------------+-------+-------++-------
Melee: Unarmed           |    67 |   256 ||   323
       Kick              |    18 |    53 ||    71
       Constrict         |    16 |    48 ||    64
       Tentacles         |     8 |    63 ||    71
       Punch             |     1 |     6 ||     7
 Cast: Beastly Appendage |    22 |    44 ||    66
       Sticks to Snakes  |       |     9 ||     9
Invok: Bend Time         |       |     1 ||     1
  Use: Scroll            |       |    10 ||    10
 Stab: Sleeping          |     3 |     6 ||     9
  Eat: Chunk             |     2 |    13 ||    15
Armor: Skin              |     3 |     6 ||     9
Dodge: Dodged            |    33 |    92 ||   125

Table legend:
 A = Non-vault XP
 B = Vault XP
 C = Vault XP percentage of total XP
 D = Non-vault monster count
 E = Vault monster count
 F = Vault count percentage of total count
                 A         B        C        D         E       F
            +---------+---------+-------+---------+---------+-------
      Total |     591 |       6 |   1.0 |      88 |       4 |   4.3
            +---------+---------+-------+---------+---------+-------
        D:1 |      49 |       6 |  10.9 |      19 |       4 |  17.4
        D:2 |     107 |       0 |   0.0 |      35 |       0 |   0.0
        D:3 |      68 |       0 |   0.0 |      16 |       0 |   0.0
        D:4 |     231 |       0 |   0.0 |      10 |       0 |   0.0
        D:5 |     136 |       0 |   0.0 |       8 |       0 |   0.0
            +---------+---------+-------+---------+---------+-------
